 Dungeon Crawl Stone Soup version 0.20-a0-32-gb8e7c72 (webtiles) character file.

80 dvd the Digger (level 4, -1/39 HPs)
             Began as a Troll Earth Elementalist on Nov 8, 2016.
             Was an Initiate of Ru.
             Slain by Natasha (8 damage)
             ... on level 2 of the Dungeon.
             The game lasted 00:04:54 (1332 turns).

dvd the Digger (Troll Earth Elementalist)           Turns: 1332, Time: 00:04:54

Health: -1/39      AC:  5    Str: 16    XL:     4   Next: 18%
Magic:  4/5        EV: 10    Int: 12    God:    Ru [......]
Gold:   57         SH:  0    Dex: 10    Spells: 2 memorised, 2 levels left

rFire  . . .     SeeInvis .       - Unarmed
rCold  . . .     Gourm    +     c - +0 robe
rNeg   . . .     Faith    .     (no shield)
rPois  .         Spirit   .     (helmet restricted)
rElec  .         Reflect  .     (no cloak)
rCorr  .         Harm     .     (gloves unavailable)
MR     .....                    (boots unavailable)
Stlth  +.........               (no amulet)
                                (no ring)
                                (no ring)

@: no status effects
A: unfitting armour, claws 3, fast metabolism 3, gourmand, regeneration 1,
shaggy fur 1, tough skin 2
a: Renounce Religion


You were on level 2 of the Dungeon.
You worshipped Ru.
Ru was noncommittal.
You were very full.

You visited 1 branch of the dungeon, and saw 2 of its levels.

You collected 57 gold pieces.

Inventory:

Missiles
 b - 3 stones (quivered)
Armour
 c - a +0 robe (worn)
Scrolls
 f - 3 scrolls of identify {unknown}
 i - 2 scrolls of enchant armour {unknown}
 j - a scroll of noise {unknown}
 k - 2 scrolls of fear {unknown}
 l - a scroll of recharging {unknown}
 m - 5 scrolls of remove curse {unknown}
Potions
 g - a potion of heal wounds {unknown}
 h - 2 potions of curing {unknown}
 n - a potion of haste {unknown}
Books
 e - a book of Geomancy

   Spells                             Type                      Level
   a - Sandblast                      Earth                        1
   b - Passwall                       Transmutation/Earth          2
   c - Stone Arrow                    Conjuration/Earth            3
   d - Petrify                        Transmutation/Earth          4
   e - Lee's Rapid Deconstruction     Earth                        5
Comestibles
 a - a slice of pizza
 d - 3 bread rations
 o - 4 chunks of flesh
 p - a beef jerky


   Skills:
 + Level 1.9 Dodging
 + Level 1.3 Stealth
 + Level 1.5 Unarmed Combat
 + Level 1.8 Spellcasting
   Level 0.6 Transmutations
 + Level 3.2 Earth Magic


You had 2 spell levels left.
You knew the following spells:

 Your Spells              Type           Power        Failure   Level  Hunger
a - Sandblast             Erth           #.....       10%         1    ##.....
b - Stone Arrow           Conj/Erth      #.....       43%         3    ####...


Dungeon Overview and Level Annotations

Branches:
Dungeon (2/15)

Altars:
Dithmenos
Ru

Annotations:
D:2 Natasha


Innate Abilities, Weirdness & Mutations

You are too large for most types of armour.
You have claws for hands.
Your metabolism is lightning-fast.
You like to eat raw meat.
Your natural rate of healing is unusually fast.
You are covered in fur. (AC +1)
You have very tough skin. (AC +2)


Message History

The crimson imp blinks!
Natasha stares at you and mumbles some strange words.
The magic dart hits you! The crimson imp barely misses you. Natasha claws you!
* * * LOW HITPOINT WARNING * * *
Unknown command.
You scratch Natasha.
Natasha is lightly wounded.
The crimson imp hits you.
* * * LOW HITPOINT WARNING * * *
Natasha hisses.
Natasha barely misses you.
You closely miss Natasha.
Natasha is lightly wounded.
The crimson imp closely misses you. Natasha claws you but does no damage.
Some of the chunks of flesh in your inventory have rotted away.
You closely miss Natasha.
Natasha is lightly wounded.
The crimson imp misses you. Natasha claws you!
You die...

...... .........##.##
................#.##
.........>.........
..................
.........##....##
#.#.....###......
#.5..............
...#######5(......###.....
........)@h(......# #.....
...#########.....## ##.##.
...###........####...##
#.............##.....#
####..........#.......
#........#....._.).
##....#.#..#.......
#.......#.###.....#
...#####.....##...##


You could see Natasha and 2 crimson imps.

Vanquished Creatures
  Natasha (D:2)
  A worm (D:2)
  A dart slug (D:2)
  2 leopard geckos
  8 bats
  5 giant cockroaches
  7 goblins
  2 hobgoblins
  A ball python (D:1)
  4 frilled lizards
  11 kobolds
  6 rats
49 creatures vanquished.

Notes
Turn   | Place    | Note
-------+----------+-------------------------------------------
     0 | D:1      | dvd the Troll Earth Elementalist began the quest for the Orb.
     0 | D:1      | Reached XP level 1. HP: 16/16 MP: 1/1
   402 | D:1      | Reached XP level 2. HP: 24/24 MP: 0/3
   410 | D:1      | Reached skill level 3 in Earth Magic
   955 | D:2      | Reached XP level 3. HP: 31/31 MP: 2/4
   957 | D:2      | Noticed Natasha
   972 | D:2      | Killed Natasha
   972 | D:2      | Reached skill level 1 in Unarmed Combat
  1018 | D:2      | Found a shadowy altar of Dithmenos.
  1030 | D:2      | Learned a level 3 spell: Stone Arrow
  1095 | D:2      | Found a sacrificial altar of Ru.
  1124 | D:2      | Became a worshipper of Ru the Awakened
  1135 | D:2      | Reached XP level 4. HP: 39/39 MP: 5/5
  1287 | D:2      | Noticed Natasha
  1332 | D:2      | Slain by Natasha

Vault maps used:
D:1:      dpeg_arrival_short_road
D:2:      lemuel_round_altar, nicolae_ru_great_annihilating_truth, uniq_natasha

Skill      XL: |  1  2  3 |
---------------+----------+-----
Earth Magic    | 3 |  3.2
Unarmed Combat | 1 |  1.5
Dodging        | |  1.9
Stealth        | |  1.3
Spellcasting   | |  1.8
Transmutations | |  0.6

Action                   |  1- 3 |  4- 6 || total
-------------------------+-------+-------++-------
Melee: Unarmed           |    91 |    41 ||   132
 Cast: Sandblast         |    19 |    12 ||    31
 Stab: Paralysed         |     1 |       ||     1
       Sleeping          |     1 |       ||     1
  Eat: Chunk             |    17 |     1 ||    18
Armor: Robe              |    36 |    23 ||    59
Dodge: Dodged            |    53 |    35 ||    88
